 Dungeon Crawl Stone Soup version 0.18-a0-1350-g404b4cb (webtiles) character file.

17 Duffy the Insei (level 2, -6/28 HPs)
             Began as a Naga Monk on Feb 18, 2016.
             Mangled by a worker ant (7 damage)
             ... on level 1 of the Dungeon.
             The game lasted 00:01:00 (1106 turns).

Duffy the Insei (Naga Monk)                         Turns: 1106, Time: 00:01:00

Health: -6/28      AC:  2    Str: 13    XL:     2   Next: 62%
Magic:  2/2        EV:  7    Int: 10    God:
Gold:   31         SH:  7    Dex: 13    Spells: 0 memorised, 1 level left

rFire  . . .     SeeInvis +       - Unarmed
rCold  . . .     Gourm    .     a - +0 robe
rNeg   + . .     Faith    .     g - +0 shield
rPois  +         Spirit   .     (no helmet)
rElec  .         Dismiss  .     (no cloak)
rCorr  .         Reflect  .     e - +0 pair of gloves
SustAt .         Harm     .     (no barding)
MR     .....                    (no amulet)
Stlth  ++........               (no ring)
                                d - ring of positive energy

@: lethally poisoned (-6 -> -9), short of breath, very slow, not resistant to
hostile enchantments, unstealthy
A: see invisible, deformed body, poison resistance, slowness 2, slow metabolism
1, spit poison 2, AC +0
a: Spit Poison


You were on level 1 of the Dungeon.
You were not hungry.

You visited 1 branch of the dungeon, and saw 1 of its levels.

You collected 31 gold pieces.


Innate Abilities, Weirdness & Mutations

You cannot wear boots.
Your serpentine skin is tough (AC +0).
You have supernaturally acute eyesight.
Armour fits poorly on your strangely shaped body.
Your system is resistant to poisons.
You cover ground very slowly.
You have a slow metabolism.
You can spit poison.


   Skills:
 - Level 3.0 Fighting
 - Level 2.4 Dodging
 - Level 3.0 Stealth
 + Level 4.7 Unarmed Combat


You had one spell level left.
You didn't know any spells.

Inventory:

Armour
 a - a +0 robe (worn)
 e - a +0 pair of gloves (worn)
 g - a +0 shield (worn)
Jewellery
 d - a ring of positive energy (left hand)
Scrolls
 f - a scroll of identify {unknown}
 h - a scroll of immolation {unknown}
 i - a scroll of remove curse {unknown}
Potions
 j - a potion of curing {unknown}
 k - 2 potions of haste {unknown}
Comestibles
 b - a bread ration
 c - a slice of pizza

Dungeon Overview and Level Annotations

Branches:
Dungeon (1/15)

Altars:


Message History

A worker ant comes into view.
A worker ant is nearby!
A worker ant is nearby!
The worker ant twitches its antennae in your direction.
The worker ant bites you.
You are poisoned.
The worker ant poisons you! You block the worker ant's attack.
You hit the worker ant but do no damage.
You feel sick. The worker ant closely misses you.
Press: ? - help, Shift-Dir - straight line, f - worker ant
Aim: a worker ant The splash of poison hits the worker ant.
The worker ant is poisoned.
The worker ant is lightly wounded.
You feel slightly more hungry.
You feel sick. The worker ant bites you.
You closely miss the worker ant.
The worker ant is moderately wounded.
The worker ant bites you.
You feel sick. You block the worker ant's attack.
You have got your breath back.
You feel sick. The worker ant bites you.
You feel sick.
The worker ant looks more healthy.
Okay, then.
Press: ? - help, Shift-Dir - straight line, f/p - worker ant
Aim: a worker ant (severely wounded)
The splash of poison hits the worker ant.
The worker ant appears unharmed.
The worker ant is severely wounded.
You feel slightly more hungry.
The worker ant waves its antennae.
You block the worker ant's attack. x2
You feel sick. The worker ant bites you!
You feel sick. The worker ant bites you!
You die...

.#.###.###..#.......#
....##.###..#.##).#.#
............#.##..#.#
.......###........#.#
.####..# ##.#.##..#.#
.# #..####.#.##..#.#
.####...............#
................a####
.####.#####.####@#
............# #.#
.###..#####.# #.#
......# ##.## #.#
.###..####...###.#
.##........#.....#
.##.#.####...#.###
###.#.# ##.##.#
....#.# ......#


You could see a worker ant.

Action                   || total
-------------------------++-------
Melee: Unarmed           ||    61
 Abil: Spit Poison       ||     2
 Stab: Sleeping          ||     1

Notes
Turn   | Place    | Note
--------------------------------------------------------------
     0 | D:1      | Duffy the Naga Monk began the quest for the Orb.
     0 | D:1      | Reached XP level 1. HP: 21/21 MP: 1/1
   540 | D:1      | Reached XP level 2. HP: 24/28 MP: 2/2
  1106 | D:1      | Mangled by a worker ant

Vault maps used:
D:1:      erik_arrival_triangle_large

Vanquished Creatures
  A ball python
  3 hobgoblins
  4 jackals
  A kobold
  2 giant newts
  5 rats
16 creatures vanquished.
